Map: Ephemeron LE

Players

Ratl - Winner!

  • Race: Terran Terran
  • Spawn Location: 5:00

VOD

Have the link to the VOD?

Description

Time

  • Played on: Nov. 6, 2019, 1:42 p.m.
  • Length: 20:31
Show
View Real Time Build Order
Export as new Build Order

Ratl Terran - Winner!

Build Orders:  

Get SALT Encoding   

  12  0:08  SCV  
  13  0:25  SCV  
  14  0:45  Supply Depot  
  14  0:52  SCV  
  15  1:15  SCV  
  15  1:17  Engineering Bay  
  16  1:32  SCV, Refinery  
  17  1:44  Supply Depot  
  17  1:49  SCV  
  18  2:06  SCV  
  19  2:23  SCV  
  19  2:28  Command Center  
  20  2:40  SCV  
  21  2:57  SCV, Barracks  
  22  3:11  Barracks  
  22  3:20  SCV  
  22  3:29  Refinery  
  23  3:36  Terran Infantry Weapons Level 1  
  23  3:37  SCV  
  24  3:54  SCV  
  25  4:19  SCV  
  27  4:27  Orbital Command  
  26  4:35  SCV  
  26  4:38  Factory  
  27  4:47  Barracks Reactor, Barracks Tech Lab  
  27  4:52  SCV  
  28  5:09  SCV x2  
  30  5:26  SCV x2  
  32  5:35  Reaper  
  33  5:43  SCV x2  
  35  5:50  Factory Tech Lab  
  35  6:00  SCV x2, Starport  
  37  6:17  SCV  
  38  6:20  Reaper  
  38  6:28  Command Center  
  38  6:31  Marine x2  
  40  6:56  Marine x2  
  44  7:10  Marauder  
  40  7:14  Hellion  
  44  7:21  Marine x2, Terran Infantry Armor Level 1  
  46  7:33  Supply Depot  
  46  7:54  Starport  
  46  8:00  Fusion Core  
  46  8:03  SCV, Marine x2, Hellion, Marauder  
  46  8:04  Supply Depot  
  53  8:13  Starport Tech Lab  
  53  8:20  SCV  
  54  8:30  Marine x2  
  54  8:33  Marine, Hellion  
  54  8:37  SCV, Supply Depot  
  60  8:51  Medivac  
  60  8:52  Supply Depot  
  60  8:54  SCV  
  60  8:55  Marine x2  
  60  8:58  Marine, SCV  
  67  9:03  Hellion  
  69  9:11  SCV  
  69  9:13  Supply Depot  
  69  9:15  SCV  
  71  9:20  Marine x2  
  71  9:23  Marine  
  74  9:32  SCV  
  74  9:33  Medivac, Hellion  
  79  9:41  Refinery  
  79  9:45  Marine x2, Medivac  
  79  9:48  Marine  
  79  9:49  SCV  
  79  10:06  SCV  
  80  10:13  Marine, Hellion  
  80  10:15  Refinery  
  80  10:18  Marine x2  
  85  10:24  SCV  
  85  10:27  Medivac  
  88  10:37  Marine  
  89  10:41  SCV  
  89  10:43  Marine x2, Hellion  
  94  10:58  SCV, Unknown  
  90  11:02  Marine  
  90  11:08  Marine x2  
  90  11:09  Medivac  
  95  11:13  Hellion  
  95  11:15  SCV  
  97  11:27  Marine  
  98  11:32  SCV  
  98  11:33  Marine x2  
  99  11:43  Hellion  
  100  11:52  Marine  
  96  12:13  Hellion  
  90  13:41  Refinery  
  90  13:42  Planetary Fortress  
  90  13:47  Orbital Command  
  90  14:08  Hellion  
  92  14:14  Supply Depot  
  92  14:16  Supply Depot  
  92  14:17  Marine x2  
  92  14:18  Refinery  
  94  14:20  Marine  
  94  14:25  Battlecruiser  
  101  14:44  Marine x2, Hellion  
  101  14:45  Marine, Medivac  
  108  14:57  Armory  
  108  14:59  Supply Depot  
  108  15:07  Unknown  
  108  15:09  Marine x2  
  110  15:10  Marine  
  110  15:14  Hellion  
  113  15:27  Medivac  
  115  15:34  Marine x2  
  115  15:35  Marine  
  118  15:44  Hellion  
  120  16:00  Marine  
  120  16:02  Weapon Refit  
  120  16:09  Medivac  
  123  16:14  Hellion  
  125  16:27  Stimpack  
  125  20:04  Marine  
Tags
 
Add a new tag
Caveats
  • Supply blocks, unpowered buildings, or Contaminate may cause inaccurate times.
  • Supply counts are checked every 10 seconds.